[Event "Titled Tuesday Blitz November 14 Late 2023"]
[White "Yelisieiev, Yevhenii"]
[Black "Nikologorsky, Matfei"]
[WhiteFideId "14139642"]
[BlackFideId "24102474"]
[WhiteElo "2595"]
[BlackElo "2438"]
[Result "1-0"]
[Round "3"]
[TimeControl "180+1"]
[Date "2023.11.14"]
[WhiteClock "0:00:10"]
[BlackClock "0:00:00"]
[Board "79"]

1. d4 Nf6 2. Nf3 e6 3. c4 a6 4. Nc3 Bb4 5. Qc2 O-O 6. e4 d5 7. e5 Ne4 8. Bd3 f5 9. exf6 Nxf6 10. O-O c5 11. dxc5 Nc6 12. a3 Bxc3 13. Qxc3 d4 14. Qc2 e5 15. Ng5 h6 16. Ne4 Bf5 17. Nxf6+ Qxf6 18. Bxf5 Qxf5 19. Qxf5 Rxf5 20. b4 Rd8 21. f3 d3 22. Be3 Nd4 23. Bxd4 Rxd4 24. Rfd1 Rff4 25. Rac1 e4 26. fxe4 Rfxe4 27. Rd2 Re2 28. Rxe2 dxe2 29. Re1 Rxc4 30. Rxe2 Rc3 31. Re7 Rxa3 32. Rxb7 Rb3 33. Kf2 a5 34. c6 axb4 35. c7 1-0


[Site "https://www.chess.com"]

[Event "Titled Tuesday Blitz November 14 Late 2023"]
[White "Martinez Reyes, Pedro Ramon"]
[Black "Polaczek, Richard"]
[WhiteFideId "3901807"]
[BlackFideId "200026"]
[WhiteElo "2593"]
[BlackElo "2436"]
[Result "1-0"]
[Round "3"]
[TimeControl "180+1"]
[Date "2023.11.14"]
[WhiteClock "0:01:33"]
[BlackClock "0:00:06"]
[Board "80"]

1. d4 Nf6 2. c4 e6 3. Nf3 d5 4. cxd5 exd5 5. Nc3 Bb4 6. Bg5 O-O 7. Qb3 c5 8. a3 Bxc3+ 9. bxc3 h6 10. Bh4 g5 11. Bg3 Ne4 12. e3 Nc6 13. Be2 h5 14. dxc5 Nxc5 15. Qc2 Ne4 16. Be5 Nxe5 17. Nxe5 Qf6 18. Nd3 Qxc3+ 19. Qxc3 Nxc3 20. Bxh5 Bf5 21. Nb4 a5 22. Na2 Rac8 23. O-O g4 24. Nxc3 Rxc3 25. Rfd1 Be6 26. Rd4 f5 27. h3 g3 28. a4 Rfc8 29. Rad1 gxf2+ 30. Kxf2 Rc2+ 31. R1d2 Rxd2+ 32. Rxd2 Rc4 33. Bd1 f4 34. Bb3 fxe3+ 35. Kxe3 Rc3+ 36. Rd3 Rxd3+ 37. Kxd3 Kf7 38. Kd4 b5 39. axb5 1-0


[Site "https://www.chess.com"]

[Event "Titled Tuesday Blitz November 14 Late 2023"]
[White "Villarreal, Agustin"]
[Black "Atanasov, Anthony"]
[WhiteFideId "125687"]
[BlackFideId "2623897"]
[WhiteElo "2434"]
[BlackElo "2592"]
[Result "0-1"]
[Round "3"]
[TimeControl "180+1"]
[Date "2023.11.14"]
[WhiteClock "0:01:37"]
[BlackClock "0:01:51"]
[Board "81"]

1. d4 Nf6 2. Nf3 g6 3. c4 Bg7 4. Nc3 d5 5. Bg5 Ne4 6. cxd5 Nxg5 7. Nxg5 e6 8. Qd2 exd5 9. Qe3+ Kf8 10. Qf4 Bf6 11. h4 h6 12. Nf3 Kg7 13. O-O-O Nc6 14. e3 Be6 15. Bd3 Qd6 16. Qxd6 cxd6 17. Kb1 Nb4 18. Bc2 Nxc2 19. Kxc2 Rac8 20. Kb1 Rc6 21. Nd2 Rhc8 22. Rdg1 h5 23. f3 Rb6 24. g4 Rxc3 25. g5 Be7 26. Nb3 Bf5+ 27. e4 Rcxb3 28. axb3 dxe4 29. Kc1 exf3 30. Rh2 Rxb3 31. Re1 Bd8 32. Rf2 Bb6 33. Rd1 d5 34. Rdd2 Be4 35. Rf1 Bc7 36. Rdf2 Bf4+ 37. Kd1 Rd3+ 38. Ke1 Bg3 39. Rg1 Bxh4 0-1


[Site "https://www.chess.com"]

[Event "Titled Tuesday Blitz November 14 Late 2023"]
[White "Janaszak, Dawid"]
[Black "Mazurkiewicz, Michal"]
[WhiteFideId "1119206"]
[BlackFideId "1124943"]
[WhiteElo "2584"]
[BlackElo "2433"]
[Result "1-0"]
[Round "3"]
[TimeControl "180+1"]
[Date "2023.11.14"]
[WhiteClock "0:00:02"]
[BlackClock "0:00:05"]
[Board "82"]

1. Nc3 Nf6 2. d4 d5 3. Bf4 c6 4. e3 Qb6 5. Bd3 Qxb2 6. Nge2 Qa3 7. O-O e6 8. e4 dxe4 9. Nxe4 Nxe4 10. Bxe4 Bd6 11. Be3 Nd7 12. c4 Nf6 13. Bc2 O-O 14. Ng3 e5 15. Bg5 Ne8 16. Ne4 f5 17. Bc1 Qa5 18. Bd2 Qc7 19. Nxd6 Qxd6 20. dxe5 Qxe5 21. Re1 Qd6 22. c5 Qxc5 23. Bb3+ Kh8 24. Be3 Qa5 25. Bd2 Qc7 26. Bc3 Nf6 27. Be5 Qd8 28. Qf3 Nd5 29. Qg3 Qd7 30. Rad1 Qf7 31. Bd6 Rg8 32. Re7 Qg6 33. Qe5 Be6 34. Rxe6 Qg4 35. h3 Qh5 36. Bxd5 Qxd1+ 37. Kh2 Qxd5 38. Qe3 Rad8 39. Be5 Qxe6 40. Bxg7+ Rxg7 41. Qxe6 Rdg8 42. Qe5 Rf8 43. f4 Kg8 44. Qe6+ Rgf7 45. Qe5 Rg7 46. h4 Rgf7 47. h5 h6 48. Qe6 Kg7 49. Qg6+ Kh8 50. Qxh6+ Kg8 51. Qe6 Kh8 52. Kh3 Rh7 53. Kh4 Rg8 54. Qf6+ Rgg7 55. Qf8+ Rg8 56. Qxf5 Rxg2 57. Qe5+ Kg8 58. Qe6+ Kf8 59. Qc8+ Kg7 60. Qxb7+ Kh8 61. Qa8+ Kg7 62. Qxa7+ Kh8 63. Qa8+ Kg7 64. Qb7+ Kh8 65. Qc8+ Kg7 66. Qd7+ Kh8 67. Qe8+ Rg8 68. Qe5+ Rgg7 69. a4 Kg8 70. Qe8# 1-0


[Site "https://www.chess.com"]

[Event "Titled Tuesday Blitz November 14 Late 2023"]
[White "Gimenez Aguirre, Alejo Ismael"]
[Black "ATM622"]
[WhiteFideId "32041667"]
[WhiteElo "2583"]
[BlackElo "2432"]
[Result "1-0"]
[Round "3"]
[TimeControl "180+1"]
[Date "2023.11.14"]
[WhiteClock "0:01:29"]
[BlackClock "0:00:03"]
[Board "83"]

1. e4 c6 2. d4 d5 3. Nd2 dxe4 4. Nxe4 Bf5 5. Ng3 Bg6 6. Nf3 Nd7 7. h4 h6 8. c3 Ngf6 9. Bc4 e6 10. h5 Bh7 11. Qe2 Bd6 12. Ne5 Nd5 13. f4 Qf6 14. Ne4 Qe7 15. Nxd6+ Qxd6 16. Bd2 f6 17. Ng6 Bxg6 18. hxg6 O-O-O 19. O-O-O Nxf4 20. Qe4 Nd5 21. Kb1 e5 22. Bb3 exd4 23. Qxd4 Nc5 24. Bc2 Nb6 25. Bf5+ Ne6 26. Qg4 Rhe8 27. Rhe1 Kb8 28. Bxe6 Qd3+ 29. Ka1 Ka8 30. Bb3 f5 31. Qf3 Qd7 32. Rxe8 Rxe8 33. Be3 Qc7 34. Bxb6 Qxb6 35. Qxf5 a5 36. Qf7 Re2 37. Qxg7 a4 38. Qf8+ Ka7 39. Qa3 Qa5 40. Qxa4 Qxa4 41. Bxa4 Rxg2 42. Rd6 b5 43. Bd1 Rg1 44. a4 Kb6 45. axb5 Kxb5 46. Ka2 Kc5 47. Rd4 Rxg6 48. b4+ Kb6 49. Kb3 c5 50. bxc5+ Kxc5 51. Rh4 Kb6 52. Be2 Re6 53. Bd3 Rd6 54. Be4 Re6 55. c4 Kc5 56. Bd3 Re3 57. Kc3 Re6 58. Rh5+ Kc6 59. Bf5 Re3+ 60. Kd4 Re1 61. Be4+ Kc7 62. Rxh6 Rd1+ 63. Kc5 Re1 64. Rh7+ Kd8 65. Bd5 Ra1 66. Kd6 Ke8 67. Rh8# 1-0


[Site "https://www.chess.com"]

[Event "Titled Tuesday Blitz November 14 Late 2023"]
[White "Stanojevic, Ilija"]
[Black "OPQRC"]
[WhiteFideId "959995"]
[WhiteElo "2429"]
[BlackElo "2582"]
[Result "0-1"]
[Round "3"]
[TimeControl "180+1"]
[Date "2023.11.14"]
[WhiteClock "0:00:00"]
[BlackClock "0:00:18"]
[Board "84"]

1. e4 c5 2. Nc3 g6 3. f4 Bg7 4. Nf3 d6 5. Bb5+ Bd7 6. O-O e6 7. a4 Ne7 8. d3 O-O 9. Qe1 Nbc6 10. Bd2 Nd4 11. Nxd4 cxd4 12. Ne2 Bxb5 13. axb5 Qb6 14. Ra5 Rac8 15. Qb1 f5 16. Ng3 Rc5 17. Bb4 Rc7 18. Qa2 d5 19. e5 Rfc8 20. Rf2 Bf8 21. c3 dxc3 22. bxc3 a6 23. Ne2 d4 24. c4 g5 25. bxa6 Qxb4 26. a7 Ra8 27. Rb5 Rxa7 28. Qxa7 Qe1+ 29. Rf1 Qxe2 30. Qxd4 gxf4 31. Rb2 Qe3+ 32. Qxe3 fxe3 33. Rf3 Nc6 34. Kf1 Bc5 35. Ra2 Nxe5 36. Ra8+ Kf7 37. Rg3 f4 38. Rgg8 Nxd3 39. Rh8 Kf6 40. Ke2 Nc1+ 41. Kf3 e2 42. Rxh7 Rxh7 0-1


[Site "https://www.chess.com"]

[Event "Titled Tuesday Blitz November 14 Late 2023"]
[White "Prithu Gupta"]
[Black "szachmistrz2500"]
[WhiteFideId "46618546"]
[WhiteElo "2582"]
[BlackElo "2429"]
[Result "0-1"]
[Round "3"]
[TimeControl "180+1"]
[Date "2023.11.14"]
[WhiteClock "0:00:03"]
[BlackClock "0:00:29"]
[Board "85"]

1. d4 d5 2. c4 c6 3. Nf3 Nf6 4. e3 Bg4 5. Nc3 e6 6. Be2 Nbd7 7. O-O Bd6 8. b3 O-O 9. Bb2 Qe7 10. Rc1 Ne4 11. Nxe4 dxe4 12. Nd2 Bxe2 13. Qxe2 f5 14. f3 exf3 15. gxf3 e5 16. Rce1 Rae8 17. Qf2 Ba3 18. Bc3 Bb4 19. Bxb4 Qxb4 20. f4 exd4 21. exd4 Nf6 22. h3 Qc3 23. Kh2 Ne4 24. Nxe4 fxe4 25. Qe3 Qa5 26. Re2 Qf5 27. Rg2 Rf6 28. Rg4 Re7 29. Rfg1 h5 30. Rh4 Rg6 31. Rxg6 Qxg6 32. d5 cxd5 33. cxd5 Rc7 34. Qe2 Rc1 35. Qf2 e3 36. Qxe3 Rc2+ 0-1


[Site "https://www.chess.com"]

[Event "Titled Tuesday Blitz November 14 Late 2023"]
[White "Akhayan, Ruben"]
[Black "Lymar, Vladislav"]
[WhiteFideId "204439"]
[BlackFideId "14162180"]
[WhiteElo "2428"]
[BlackElo "2580"]
[Result "1/2-1/2"]
[Round "3"]
[TimeControl "180+1"]
[Date "2023.11.14"]
[WhiteClock "0:00:11"]
[BlackClock "0:00:12"]
[Board "86"]

1. e4 d6 2. d4 Nf6 3. Nc3 e5 4. dxe5 dxe5 5. Qxd8+ Kxd8 6. Nf3 Bd6 7. Bg5 Be6 8. O-O-O Nd7 9. Kb1 a6 10. Nd5 Bxd5 11. Rxd5 Ke8 12. Bxf6 Nxf6 13. Rd1 Nxe4 14. Re1 Nxf2 15. Rg1 f6 16. Bc4 Ng4 17. h3 Nh6 18. Nd4 Kd7 19. Ne6 g6 20. Rgf1 f5 21. g4 Rae8 22. Ng5 fxg4 23. hxg4 Nxg4 24. Rf7+ Kc6 25. Nxh7 Re7 26. Ng5 Rh5 27. Ne4 Rxf7 28. Bxf7 Rh6 29. c4 Nh2 30. Bd5+ Kb6 31. Rh1 Rh5 32. Rc1 Ka7 33. c5 Be7 34. c6 bxc6 35. Rxc6 Bd6 36. Nxd6 cxd6 37. Rxd6 Rg5 38. a4 Ng4 39. Bf7 e4 40. Rxg6 Rxg6 41. Bxg6 e3 42. Bd3 Nf2 43. Be2 a5 44. Kc2 Kb6 45. Kc3 Kc5 46. Bf1 Nd1+ 47. Kd3 Nxb2+ 48. Kxe3 Nxa4 49. Kd2 Kb4 50. Kc2 Ka3 51. Kb1 Nc5 52. Bc4 Ne4 53. Bg8 Nc3+ 54. Ka1 Ne2 55. Bf7 Nd4 56. Bg8 Kb4 57. Bf7 a4 58. Bg8 a3 59. Bf7 Nc6 60. Bg8 Ne5 61. Be6 Nd3 62. Bg8 Kc3 63. Bf7 Nb4 64. Bg8 Nc6 65. Bf7 Nd4 66. Bg8 Kb4 67. Bf7 Nc2+ 68. Ka2 Ne3 69. Ka1 Nd1 70. Ka2 Nc3+ 71. Ka1 Ne4 72. Bg8 Nf6 73. Bf7 Ka4 74. Be6 Kb5 75. Bf7 Ne4 76. Be6 Kb4 77. Bg8 Nd2 78. Bf7 Kc3 79. Bg8 Kc2 80. Ka2 Ne4 81. Bh7 Kc3 82. Bxe4 Kb4 83. Bd3 Kc5 84. Kxa3 1/2-1/2


[Site "https://www.chess.com"]

[Event "Titled Tuesday Blitz November 14 Late 2023"]
[White "Santos Flores, Alberto"]
[Black "Estrada Nieto, Julian"]
[WhiteFideId "3601234"]
[BlackFideId "5101018"]
[WhiteElo "2580"]
[BlackElo "2427"]
[Result "0-1"]
[Round "3"]
[TimeControl "180+1"]
[Date "2023.11.14"]
[WhiteClock "0:00:00"]
[BlackClock "0:00:22"]
[Board "87"]

1. e4 e5 2. Nf3 Nc6 3. Bc4 Bc5 4. O-O Nf6 5. d4 Bxd4 6. Nxd4 Nxd4 7. Bg5 d6 8. f4 Be6 9. fxe5 dxe5 10. Bxe6 Nxe6 11. Qxd8+ Rxd8 12. Bxf6 gxf6 13. Rxf6 Nf4 14. Nc3 Rd2 15. Rf5 Rxg2+ 16. Kh1 Rxc2 17. Rxe5+ Ne6 18. Nd5 c6 19. Nc7+ Ke7 20. Nxe6 fxe6 21. Rg1 Rf8 22. Rg7+ Rf7 23. Rxf7+ Kxf7 24. Rh5 Rxb2 25. Rxh7+ Kf6 26. h4 a5 27. a4 Rb4 28. h5 Rxa4 29. Rxb7 Rxe4 30. Rc7 Rh4+ 31. Kg2 Rxh5 32. Rxc6 Rf5 33. Ra6 Ke7 34. Kg3 Kd7 35. Kg4 Rd5 36. Kf4 e5+ 37. Ke4 Rb5 38. Ke3 Kc7 39. Ke4 Kb7 40. Rh6 a4 41. Kd3 Ra5 42. Rh1 Kc6 43. Kc4 a3 44. Ra1 Kd6 45. Kb4 Ra8 46. Kb3 Kd5 47. Rd1+ Ke4 48. Re1+ Kf4 49. Rf1+ Ke4 50. Re1+ Kf5 51. Rf1+ Ke6 52. Ka2 Ra5 53. Re1 Kd5 54. Rd1+ Ke4 55. Re1+ Kf3 56. Rf1+ Ke2 57. Rh1 e4 58. Rh2+ Kf3 59. Rh3+ Kg4 60. Re3 Kf4 61. Re1 e3 62. Rf1+ Ke4 63. Rf8 Kd3 64. Rd8+ Ke2 65. Re8 Kd2 66. Rd8+ Ke1 67. Re8 e2 68. Re7 Ra4 69. Re8 Rf4 0-1


[Site "https://www.chess.com"]

[Event "Titled Tuesday Blitz November 14 Late 2023"]
[White "Miszler, Levente"]
[Black "Lima, Kleyton Alcantara"]
[WhiteFideId "763276"]
[BlackFideId "22718397"]
[WhiteElo "2424"]
[BlackElo "2579"]
[Result "0-1"]
[Round "3"]
[TimeControl "180+1"]
[Date "2023.11.14"]
[WhiteClock "0:01:34"]
[BlackClock "0:01:07"]
[Board "88"]

1. Nf3 c5 2. c4 Nc6 3. g3 g6 4. Bg2 Bg7 5. Nc3 e5 6. O-O Nge7 7. Ne1 O-O 8. Nc2 d6 9. Ne3 f5 10. Ned5 Be6 11. d3 Qd7 12. a3 a5 13. Rb1 f4 14. b4 axb4 15. axb4 Nd4 16. Nb6 Qd8 17. Nxa8 Qxa8 18. bxc5 dxc5 19. Bxb7 Qa5 20. Bd2 Bh3 21. Bg2 Bxg2 22. Kxg2 Qd8 23. f3 Nef5 24. Ne4 h5 25. Rb7 g5 26. Nxc5 Qc8 27. Rxg7+ Kxg7 28. Ne4 Kh8 29. Nxg5 Rg8 30. Nf7+ Kh7 31. Nxe5 fxg3 32. hxg3 Rxg3+ 33. Kh2 Qd8 0-1


[Site "https://www.chess.com"]

[Event "Titled Tuesday Blitz November 14 Late 2023"]
[White "Likvidator228"]
[Black "Yang, Kevin"]
[BlackFideId "30908485"]
[WhiteElo "2577"]
[BlackElo "2424"]
[Result "0-1"]
[Round "3"]
[TimeControl "180+1"]
[Date "2023.11.14"]
[WhiteClock "0:00:14"]
[BlackClock "0:00:08"]
[Board "89"]

1. b3 c5 2. Bb2 Nc6 3. g3 Nf6 4. Bg2 e6 5. c4 Be7 6. Nf3 O-O 7. O-O d5 8. d3 b6 9. Nbd2 Bb7 10. a3 Rc8 11. Qc2 Qc7 12. Rac1 Qb8 13. e4 dxe4 14. dxe4 Nd7 15. Rfe1 Nde5 16. Nxe5 Nxe5 17. f4 Nc6 18. e5 Rfd8 19. Ne4 Nd4 20. Bxd4 cxd4 21. b4 a5 22. Qb3 Bc6 23. Rcd1 Qa7 24. b5 Bxe4 25. Bxe4 a4 26. Qa2 Qa5 27. f5 Qc3 28. fxe6 fxe6 29. c5 Qb3 30. Qxb3 axb3 31. cxb6 Bxa3 32. Rd3 Rc3 33. Red1 Rxd3 34. Rxd3 b2 35. Rxa3 d3 36. Rb3 d2 37. Bc2 d1=Q+ 38. Bxd1 Rxd1+ 39. Kf2 b1=Q 40. b7 Qc2+ 41. Kf3 Qxb3+ 42. Kg4 Qxb5 0-1


[Site "https://www.chess.com"]

[Event "Titled Tuesday Blitz November 14 Late 2023"]
[White "Djabri, Massinas"]
[Black "Sanchez Alvares, Kelvin Antonio"]
[WhiteFideId "7905726"]
[BlackFideId "3906680"]
[WhiteElo "2423"]
[BlackElo "2577"]
[Result "0-1"]
[Round "3"]
[TimeControl "180+1"]
[Date "2023.11.14"]
[WhiteClock "0:00:15"]
[BlackClock "0:00:47"]
[Board "90"]

1. d4 Nf6 2. c4 e6 3. Nf3 b6 4. g3 Bb7 5. Bg2 c5 6. d5 exd5 7. cxd5 Bxd5 8. O-O Be7 9. Nc3 Bc6 10. e4 Nxe4 11. Nxe4 Bxe4 12. Re1 d5 13. Nh4 Bxg2 14. Kxg2 O-O 15. Nf5 Bf6 16. g4 Nc6 17. f4 Nd4 18. Ng3 Bh4 19. Be3 Bxg3 20. hxg3 Nc6 21. Rh1 d4 22. Qd3 Qd5+ 23. Kg1 g6 24. Bd2 Rfe8 25. Qf1 d3 26. Qh3 h5 27. gxh5 g5 28. h6 Kh7 29. fxg5 Nd4 30. Qh5 Nf3+ 31. Kg2 Nxd2+ 32. Kh3 Qf5+ 0-1


[Site "https://www.chess.com"]

[Event "Titled Tuesday Blitz November 14 Late 2023"]
[White "Buchenau, Frank"]
[Black "Manukyan, Sargis A."]
[WhiteFideId "4604350"]
[BlackFideId "13303970"]
[WhiteElo "2422"]
[BlackElo "2576"]
[Result "0-1"]
[Round "3"]
[TimeControl "180+1"]
[Date "2023.11.14"]
[WhiteClock "0:00:07"]
[BlackClock "0:00:06"]
[Board "91"]

1. e4 c5 2. Nf3 d6 3. Bb5+ Bd7 4. Bxd7+ Qxd7 5. c4 Nc6 6. Nc3 Nf6 7. d4 cxd4 8. Nxd4 g6 9. f3 Bg7 10. Be3 O-O 11. O-O Rfd8 12. b3 e6 13. Qd2 d5 14. cxd5 exd5 15. Nxc6 bxc6 16. e5 Ne8 17. Bg5 Rdc8 18. Rfe1 Nc7 19. Ne4 Ne6 20. Nf6+ Bxf6 21. Bxf6 Qe8 22. h4 d4 23. h5 c5 24. Re4 c4 25. bxc4 Rxc4 26. Rh4 Rc7 27. Qh6 Qf8 28. hxg6 fxg6 29. Qd2 Rac8 30. Kh2 Rc2 31. Qa5 Qc5 32. Qa6 Qb6 33. Qa3 R8c7 34. Rd1 Qb2 35. Qa4 Rxg2+ 36. Kh1 Qf2 37. Qe8+ Nf8 38. Be7 Rxe7 39. Qxe7 Qxf3 40. Rf4 Qh3# 0-1


[Site "https://www.chess.com"]

[Event "Titled Tuesday Blitz November 14 Late 2023"]
[White "Tologon tegin, Semetei"]
[Black "Goncalves, Davi Sulzbacher"]
[WhiteFideId "13800574"]
[BlackFideId "2154510"]
[WhiteElo "2572"]
[BlackElo "2413"]
[Result "0-1"]
[Round "3"]
[TimeControl "180+1"]
[Date "2023.11.14"]
[WhiteClock "0:00:08"]
[BlackClock "0:00:08"]
[Board "92"]

1. b3 e5 2. Bb2 Nc6 3. e3 Nf6 4. c4 Be7 5. a3 O-O 6. d3 d5 7. cxd5 Qxd5 8. Nf3 Be6 9. Nbd2 Rad8 10. Qc2 Rfe8 11. Be2 Ng4 12. h3 Nh6 13. O-O f5 14. e4 Qd7 15. b4 Bf6 16. Rac1 a6 17. Rfd1 Nf7 18. Nc4 Nd4 19. Nxd4 exd4 20. exf5 Bxf5 21. Bf3 c6 22. Re1 Ng5 23. Be2 Bxh3 24. gxh3 Qxh3 25. Nd2 Be5 26. Nf1 Bf4 27. Qc4+ Rd5 28. Bh5 Qxh5 29. Rxe8+ Qxe8 30. Bxd4 Nf3+ 31. Kg2 Nxd4 0-1


[Site "https://www.chess.com"]

[Event "Titled Tuesday Blitz November 14 Late 2023"]
[White "Suspenser17"]
[Black "Potapova, Margarita"]
[BlackFideId "14126869"]
[WhiteElo "2411"]
[BlackElo "2570"]
[Result "0-1"]
[Round "3"]
[TimeControl "180+1"]
[Date "2023.11.14"]
[WhiteClock "0:00:00"]
[BlackClock "0:00:27"]
[Board "93"]

1. e4 c5 2. c3 d6 3. d4 cxd4 4. cxd4 Nf6 5. Nc3 g6 6. h3 Bg7 7. Nf3 O-O 8. Bd3 Nc6 9. O-O Bd7 10. d5 Ne5 11. Nxe5 dxe5 12. Be3 Ne8 13. Qb3 Nd6 14. f4 a6 15. fxe5 Bxe5 16. Bh6 Re8 17. Bf4 Bg7 18. e5 Nf5 19. e6 fxe6 20. dxe6 Bc6 21. Bxf5 Qd4+ 22. Kh2 gxf5 23. Rad1 Qf6 24. Rde1 Rad8 25. Be5 Qg6 26. Rf2 Bh6 27. Qc2 Rf8 28. a4 Qxe6 29. b4 Be4 30. Nxe4 Qxe5+ 31. g3 fxe4 32. Rfe2 e3 33. Qc4+ e6 34. Qg4+ Kh8 35. Qh4 Bg5 36. Qh5 Rf5 37. h4 Bf4 38. Qg4 Rg8 0-1


[Site "https://www.chess.com"]

[Event "Titled Tuesday Blitz November 14 Late 2023"]
[White "Omelja, Artem"]
[Black "Szyszylo, Rafal"]
[WhiteFideId "14119846"]
[BlackFideId "1109626"]
[WhiteElo "2570"]
[BlackElo "2408"]
[Result "1-0"]
[Round "3"]
[TimeControl "180+1"]
[Date "2023.11.14"]
[WhiteClock "0:01:04"]
[BlackClock "0:00:08"]
[Board "94"]

1. e4 d6 2. d4 Nf6 3. Nc3 g6 4. g3 Bg7 5. Bg2 O-O 6. Nge2 e5 7. O-O exd4 8. Nxd4 Re8 9. h3 Nc6 10. Nxc6 bxc6 11. f4 Rb8 12. e5 Nh5 13. g4 Ng3 14. Rf3 Qh4 15. Rxg3 Qxg3 16. Ne4 Qh4 17. f5 Qd8 18. Bg5 Qd7 19. Bf6 dxe5 20. Qc1 Qd4+ 21. Kh2 Qxb2 22. Qe3 Qxa1 23. Bxg7 Kxg7 24. f6+ Kh8 25. Qh6 Rg8 26. Ng5 Be6 27. Qxh7# 1-0


[Site "https://www.chess.com"]

[Event "Titled Tuesday Blitz November 14 Late 2023"]
[White "Gurevich, Dmitry"]
[Black "Shapiro, Viktor"]
[WhiteFideId "2000407"]
[BlackFideId "4175700"]
[WhiteElo "2406"]
[BlackElo "2568"]
[Result "1-0"]
[Round "3"]
[TimeControl "180+1"]
[Date "2023.11.14"]
[WhiteClock "0:00:02"]
[BlackClock "0:00:00"]
[Board "95"]

1. d4 Nf6 2. c4 e6 3. Nc3 c5 4. d5 exd5 5. cxd5 d6 6. e4 g6 7. f4 Bg7 8. Bb5+ Nfd7 9. a4 O-O 10. Nf3 f5 11. exf5 Re8+ 12. Be2 gxf5 13. O-O Nf6 14. Bd3 Na6 15. Bd2 Nb4 16. Bc4 Ne4 17. Be1 Qf6 18. Kh1 Qh6 19. Rc1 Bd7 20. Nxe4 Rxe4 21. Ng5 Rd4 22. Qf3 Re8 23. Bc3 Qg6 24. Bxd4 Bxd4 25. Rce1 Bxb2 26. Rxe8+ Qxe8 27. Ne6 Qg6 28. Qe2 Bf6 29. Rf3 Kh8 30. Rg3 Qe8 31. Qf3 Bxa4 32. h3 Bc2 33. Kh2 Be4 34. Qd1 b5 35. Nc7 Qf7 36. Nxb5 Qe7 37. Qh5 Qf8 38. Nc7 h6 39. Ne6 Qg7 40. Qe8+ Kh7 41. Nf8+ Qxf8 42. Qxf8 1-0


[Site "https://www.chess.com"]

[Event "Titled Tuesday Blitz November 14 Late 2023"]
[White "Abduzhaparov"]
[Black "The_Straightforward_Rook"]
[WhiteElo "2405"]
[BlackElo "2566"]
[Result "0-1"]
[Round "3"]
[TimeControl "180+1"]
[Date "2023.11.14"]
[WhiteClock "0:00:00"]
[BlackClock "0:00:51"]
[Board "96"]

1. Nf3 Nf6 2. c4 e6 3. g3 d5 4. Bg2 d4 5. O-O c5 6. e3 Nc6 7. a3 a5 8. b3 Bd6 9. exd4 cxd4 10. Bb2 e5 11. Re1 O-O 12. d3 Nd7 13. Nbd2 Re8 14. Ne4 Bf8 15. h4 f6 16. b4 axb4 17. axb4 Rxa1 18. Bxa1 Bxb4 19. Re2 Nc5 20. Nxc5 Bxc5 21. Qb3 b6 22. Bb2 Bg4 23. Re1 Kh8 24. Ba3 Qd6 25. Bxc5 bxc5 26. Qa4 Bd7 27. Qa6 Qc7 28. h5 Nb4 29. Qa3 Bc6 30. Rb1 Ra8 31. Qb2 Nxd3 32. Qb6 Qxb6 33. Rxb6 Be4 34. Ne1 Bxg2 35. Nxd3 Be4 36. Ne1 d3 37. Rb2 g5 38. f3 Bc6 39. Nxd3 Bxf3 40. h6 Rc8 41. Rb6 Be2 42. Nxc5 Bxc4 43. Ne4 f5 44. Nxg5 Rg8 45. Ne6 Rxg3+ 46. Kf2 Rg8 47. Nc5 f4 48. Rf6 Bd5 0-1


[Site "https://www.chess.com"]

[Event "Titled Tuesday Blitz November 14 Late 2023"]
[White "Bogaudinov, Rushan"]
[Black "Kashefi, Amir Hosein"]
[WhiteFideId "4129288"]
[BlackFideId "12557935"]
[WhiteElo "2392"]
[BlackElo "2565"]
[Result "1-0"]
[Round "3"]
[TimeControl "180+1"]
[Date "2023.11.14"]
[WhiteClock "0:00:21"]
[BlackClock "0:00:57"]
[Board "97"]

1. e4 c6 2. d4 d5 3. e5 Bf5 4. c4 e6 5. Nc3 Ne7 6. a3 Nd7 7. c5 f6 8. f4 Ng6 9. Nf3 Be4 10. Nxe4 dxe4 11. Nd2 f5 12. Nc4 Be7 13. Nd6+ Bxd6 14. cxd6 Nb6 15. Be2 Nd5 16. O-O O-O 17. Bd2 Qb6 18. Bc1 Rad8 19. Bc4 Rd7 20. Bxd5 exd5 21. b4 Rfd8 22. Be3 Nf8 23. g4 g6 24. gxf5 gxf5 25. Qh5 Ng6 26. Qxf5 Rf7 27. Qe6 Nh4 28. Kh1 Nf3 29. f5 Rf8 30. Rg1+ Nxg1 31. Rxg1+ Kh8 32. f6 Qa6 33. Bh6 Qxa3 34. Bg7+ Kg8 35. Bxf8+ Kh8 36. Bg7+ Kg8 37. Qe8+ 1-0


[Site "https://www.chess.com"]

[Event "Titled Tuesday Blitz November 14 Late 2023"]
[White "Jimenez Ruano, Adrian"]
[Black "Karamsetty, Jeevan"]
[WhiteFideId "22276050"]
[BlackFideId "2025337"]
[WhiteElo "2384"]
[BlackElo "2558"]
[Result "1-0"]
[Round "3"]
[TimeControl "180+1"]
[Date "2023.11.14"]
[WhiteClock "0:00:09"]
[BlackClock "0:00:08"]
[Board "98"]

1. d4 g6 2. e4 d6 3. Nc3 Bg7 4. Be3 a6 5. Qd2 b5 6. f3 Bb7 7. Nge2 Nd7 8. a4 b4 9. Na2 c5 10. a5 Qxa5 11. Ng3 Ngf6 12. Be2 O-O 13. O-O Qc7 14. c3 a5 15. cxb4 axb4 16. Rfc1 Rfd8 17. Bc4 e6 18. Bb3 h5 19. Qf2 Nh7 20. e5 dxe5 21. dxc5 Bd5 22. Qc2 Rab8 23. Ne4 Bxe4 24. Qxe4 Ndf6 25. Qc4 Nd5 26. Bf2 Bh6 27. Re1 Nhf6 28. Rad1 Kg7 29. Kh1 Bf4 30. Nc1 Ne7 31. Nd3 Bh6 32. Bg3 Nc6 33. Nxe5 Rxd1 34. Bxd1 Rc8 35. Nxg6 Qd8 36. Ne5 Qd4 37. Qe2 Qxc5 38. Nd3 Qe7 39. Ba4 Nd4 40. Qe5 Nf5 41. Qxf5 Qa7 42. Qb5 Qd4 43. Bf2 Qd6 44. Bg1 Qc7 45. Qe5 Rd8 46. Qxc7 Rxd3 47. Qg3+ Kh7 48. Bb5 Rd2 49. f4 Rd5 50. Bd3+ Ne4 51. Bxe4+ Rf5 52. Bxf5+ exf5 53. Qe3 Kg6 54. Qe8 h4 55. Qg8+ Kh5 56. Re7 h3 57. Rxf7 hxg2+ 58. Kxg2 Kh4 59. Qe8 Bg7 60. Qe1+ Kh5 61. Qg3 Bf6 62. Qh3+ Kg6 63. Qh7# 1-0


[Site "https://www.chess.com"]

[Event "Titled Tuesday Blitz November 14 Late 2023"]
[White "Fernandez Bustamante, Leancy B."]
[Black "Bettalli, Francesco"]
[WhiteFideId "3523870"]
[BlackFideId "2816453"]
[WhiteElo "2365"]
[BlackElo "2556"]
[Result "1/2-1/2"]
[Round "3"]
[TimeControl "180+1"]
[Date "2023.11.14"]
[WhiteClock "0:00:07"]
[BlackClock "0:00:07"]
[Board "99"]

1. e4 e5 2. Nf3 Nf6 3. Nc3 Bc5 4. Nxe5 Nc6 5. Nf3 O-O 6. Bb5 Re8 7. d3 d5 8. Bg5 d4 9. Bxf6 Qxf6 10. Nd5 Qd6 11. O-O Bg4 12. h3 Bxf3 13. Qxf3 Ne5 14. Qg3 c6 15. f4 Nd7 16. b4 Bb6 17. Nxb6 Nxb6 18. Bc4 Nxc4 19. dxc4 Rxe4 20. c5 Qd5 21. f5 Rae8 22. f6 g6 23. Rae1 Re3 24. Qh4 h5 25. Qf4 Kh7 26. Rd1 Re2 27. Rf2 R8e4 28. Qc7 Rxf2 29. Kxf2 Qf5+ 30. Kg1 Qxf6 31. Rf1 Re7 32. Rxf6 Rxc7 33. Rd6 Re7 34. Kf2 Re4 35. Rd7 d3 36. c3 Re2+ 37. Kf3 Kg7 38. Rxd3 Rxa2 39. Rd7 Rc2 40. Rxb7 Rxc3+ 41. Kf2 a5 42. bxa5 Rxc5 43. a6 Ra5 44. a7 Ra3 45. Rc7 c5 46. h4 Kf6 47. g3 c4 48. Rxc4 Rxa7 49. Rc6+ Kf5 50. Rc5+ Ke4 51. Rc4+ Kd5 52. Rf4 f5 53. Rb4 Ra2+ 54. Kf3 Ra3+ 55. Kf4 Ra6 56. Kg5 Ke5 57. Rb8 Ke4 58. Rb4+ Kf3 59. Rb3+ Kg2 60. Kh6 Kh3 61. Kg5 Re6 62. Rc3 Rd6 63. Rb3 Kg2 64. Ra3 Rb6 65. Rc3 Ra6 66. Rb3 Kf2 67. Rc3 Re6 68. Rb3 Ke2 69. Ra3 Kd2 70. Rb3 Kc2 71. Rb7 Kd3 72. Rg7 Ke4 73. Rxg6 Re8 74. Rf6 Rg8+ 75. Kxh5 Rxg3 76. Re6+ Kd5 77. Rg6 f4 78. Rg5+ Rxg5+ 79. hxg5 f3 80. g6 f2 81. g7 f1=Q 82. g8=Q+ Ke5 83. Qg7+ Ke6 84. Qg6+ Ke7 85. Qg5+ Kd6 86. Kg6 Qb1+ 87. Qf5 Qg1+ 88. Kf6 Qd4+ 89. Kg5 Qe3+ 90. Qf4+ Qe5+ 91. Qxe5+ Kxe5 1/2-1/2


[Site "https://www.chess.com"]